 Dungeon Crawl Stone Soup version 0.29-a0-23-ga79f92ac9c (webtiles) character file.

Game seed: 11380302986733783954

509 HallandMoats the Skirmisher (level 6, -2/50 HPs)
             Began as a Demonspawn Fighter on Jan 30, 2022.
             Was a Follower of Qazlal.
             Slain by a black bear (3 damage)
             ... on level 4 of the Dungeon.
             The game lasted 00:03:56 (4071 turns).

HallandMoats the Skirmisher (Demonspawn Fighter)    Turns: 4071, Time: 00:03:57

Health: -2/50      AC:  6    Str: 16    XL:     6   Next: 98%
Magic:  8/8        EV:  9    Int: 10    God:    Qazlal [*.....]
Gold:   199        SH:  6    Dex: 14    Spells: 5/5 levels left

rFire   . . .      SeeInvis .   a - +0 war axe
rCold   . . .      Faith    .   c - +0 buckler
rNeg    . . .      Spirit   .   b - +0 scale mail
rPois   .          Reflect  .   (helmet restricted)
rElec   .          Harm     .   (no cloak)
rCorr   .          Rampage  .   (no gloves)
Will    .....                   (no boots)
Stlth   ..........              (no amulet)
HPRegen 0.16/turn               (no ring)
MPRegen 0.22/turn               (no ring)

@: mighty
A: horns 2, magic regeneration, demonic touch 1
a: Renounce Religion


You were on level 4 of the Dungeon.
You worshipped Qazlal.
Qazlal was aware of your devotion.
You visited 1 branch of the dungeon, and saw 4 of its levels.

You collected 199 gold pieces.

Inventory:

Hand Weapons
 a - a +0 war axe (weapon)
Armour
 b - a +0 scale mail (worn)
 c - a +0 buckler (worn)
Jewellery
 i - a ring of fire
Scrolls
 h - a scroll of teleportation {unknown}
 j - a scroll of fog {unknown}
Potions
 e - a potion of lignification {unknown}
 f - a potion of haste {unknown}
 g - a potion of berserk rage {unknown}
 k - a potion of brilliance {unknown}


   Skills:
 * Level 4.8 Fighting
 * Level 3.6 Axes
 + Level 3.5 Armour
 + Level 2.0 Dodging
 + Level 3.6 Shields
 + Level 2.9 Invocations


You had 5 spell levels left.
You didn't know any spells.
Your spell library was empty.

Dungeon Overview and Level Annotations

Branches:
Dungeon (4/15)
 Temple: D:4-7

Altars:
Ashenzari
Dithmenos
Fedhas
Gozag
Kikubaaqudgha
Okawaru
Qazlal
Wu Jian


Innate Abilities, Weirdness & Mutations

You have a pair of horns on your head.
You regenerate magic rapidly.
Your touch may inflict minor irresistible damage on your foes.


Message History

You block the black bear's attack.
The black bear claws you but does no damage.
The black bear claws you.
You feel sick. The adder bites you.
You are more poisoned.
The adder poisons you! You block the killer bee's attack.
You feel sick. You block the killer bee's attack.
You block the goblin's attack. The orc hits you but does no damage.
You feel sick. The killer bee closely misses you.
You feel very mighty all of a sudden.
You feel sick. The killer bee stings you.
* * * LOW HITPOINT WARNING * * *
The killer bee stings you but does no damage.
You slash the killer bee! Your headbutt misses the killer bee.
The killer bee is severely wounded.
You feel sick.
The killer bee stings you but does no damage.
The killer bee closely misses you.
You slice the killer bee!!
You kill the killer bee!
Qazlal accepts your kill.
You feel sick. The adder bites you but does no damage.
You slash the adder! Your headbutt misses the adder.
The adder is heavily wounded.
You feel sick. The adder closely misses you.
The adder bites you but does no damage.
You closely miss the adder. Your headbutt misses the adder.
The adder is heavily wounded.
You feel sick.
You are no longer poisoned.
The adder is engulfed in freezing vapours.
You kill the adder!
Qazlal accepts your kill.
You hit the black bear.
The black bear is lightly wounded.
The black bear is engulfed in freezing vapours.
The black bear bites you.
* * * LOW HITPOINT WARNING * * *
The black bear claws you.
You die...

.......##
#..........
#####...##
##.....).... #
##...###..........
# ##.............#
# ##...........# .
##..#......## .
#..##...g.#.# .
#..##..oh## [# .
#.###...#@# . ..
#...#..# . ...
##..#...# . ....
##..###.# .... ...
... ..# #.# .. .#
.# #


You could see a black bear, an orc and a goblin.

Vanquished Creatures
  A centaur (D:4)
  A killer bee (D:4)
  3 vampire bats (D:4)
  Jessica (D:2)
  3 iguanas (D:3)
  7 adders
  An adder skeleton (D:4)
  A worm (D:2)
  5 dart slugs
  2 orcs
  7 endoplasms
  2 giant cockroaches
  10 goblins
  7 hobgoblins
  9 jackals
  2 quokkas
  6 ball pythons
  11 bats
  4 frilled lizards
  8 kobolds
  10 rats
101 creatures vanquished.

Notes
Turn   | Place    | Note
-------+----------+-------------------------------------------
     0 | D:1      | HallandMoats the Demonspawn Fighter began the quest for the
                  | Orb.
     0 | D:1      | Reached XP level 1. HP: 18/18 MP: 1/1
   214 | D:1      | Discovered your monstrous ancestry.
   214 | D:1      | Gained mutation: Your touch may inflict minor irresistible
                  | damage on your foes. [demonic ancestry]
   214 | D:1      | Reached XP level 2. HP: 23/24 MP: 2/2
   708 | D:1      | Gained mutation: You regenerate magic rapidly. [demonic
                  | ancestry]
   708 | D:1      | Reached XP level 3. HP: 26/29 MP: 3/3
   897 | D:1      | Reached skill level 1 in Invocations
  1313 | D:2      | Reached skill level 1 in Dodging
  1624 | D:2      | Gained mutation: You have a pair of small horns on your
                  | head. [demonic ancestry]
  1624 | D:2      | Reached XP level 4. HP: 24/36 MP: 5/5
  1879 | D:2      | Noticed Jessica
  1886 | D:2      | Killed Jessica
  2260 | D:3      | Found a broken altar of Ashenzari.
  2326 | D:3      | Found a faded altar of an unknown god.
  2506 | D:3      | Reached skill level 4 in Fighting
  2506 | D:3      | Reached XP level 5. HP: 41/42 MP: 6/6
  2535 | D:3      | Found an opulent altar of Gozag.
  2706 | D:3      | Found an ornate altar of the Wu Jian Council.
  2708 | D:3      | Found a stormy altar of Qazlal.
  2726 | D:3      | Became a worshipper of Qazlal Stormbringer
  3000 | D:3      | Found an ancient bone altar of Kikubaaqudgha.
  3822 | D:4      | Gained mutation: You have a pair of horns on your head.
                  | [demonic ancestry]
  3822 | D:4      | Reached XP level 6. HP: 49/49 MP: 7/7
  3823 | D:4      | Reached * piety under Qazlal
  4029 | D:4      | Found a shadowy altar of Dithmenos.
  4031 | D:4      | Found a blossoming altar of Fedhas.
  4031 | D:4      | Found an iron altar of Okawaru.
  4071 | D:4      | HP: 1/50 [black bear (2)]
  4071 | D:4      | Slain by a black bear

Illustrated notes

Levels and vault maps discovered:
D:1:      beargit_arrival_greenhouse, layout_loops_ring, patterned_corridor
D:2:      layout_loops_ring, kennysheep_generic_room_13, uniq_jessica
D:3:      layout_basic, mainiacjoe_overflow_concentric_impassable,
          mainiacjoe_overflow_alcove_1, cheibrodos_ashenzari_chains,
          chequers_temple_overflow_statue_of_worship, basic_ecumenical_altar,
          eino_curves_03
D:4:      layout_layer_cave, grunt_temple_overflow_open,
          minmay_temple_entry_stoned_glass, roderic_batcave, minmay_manual_mail

Skill      XL: |  1  2  3  4  5  6 |
---------------+-------------------+-----
Axes           | 2 3 |  3.6
Invocations    | 1 2 |  2.9
Dodging        | 1 2 |  2.0
Armour         | 3 |  3.5
Shields        | 3 |  3.6
Fighting       | 4 |  4.8

Action                   |  1- 3 |  4- 6 || total
-------------------------+-------+-------++-------
Melee: War axe           |   122 |   132 ||   254
       Headbutt          |       |    23 ||    23
  Use: Potion            |       |     1 ||     1
Armor: Scale mail        |    44 |    76 ||   120
Dodge: Dodged            |    56 |    87 ||   143
Block: Buckler           |    34 |    45 ||    79

Table legend: (Time is in decaauts)
 A = Elapsed time spent in this place.
 B = Non-inter-level travel time spent in this place.
 C = Inter-level travel time spent in this place.
 D = Time resting spent in this place.
 E = Time spent auto-exploring this place.
 F = Levels seen in this place.
 G = Mean time per level.
                   A        B        C        D        E       F      G
               +--------+--------+--------+--------+--------+-----+--------+
         Total |   4173 |   4140 |     33 |    214 |   3268 |   4 | 1043.2 |
       Dungeon |   4173 |   4140 |     33 |    214 |   3268 |   4 | 1043.2 |
               +--------+--------+--------+--------+--------+-----+--------+

Top non-repeatable levels by time:
     D:3: 1306 daAuts
     D:2: 1294 daAuts
     D:1: 1017 daAuts
     D:4: 555 daAuts
